 Dungeon Crawl Stone Soup version 0.23.2-40-g277498a001 (webtiles) character file.

Game seed: 6463135333060071629

473 CoffeeInMyVeins the Sneak (level 7, -4/41 HPs)
             Began as an Octopode Wizard on Sept 18, 2019.
             Shot with an arrow by a centaur (9 damage)
             ... on level 5 of the Dungeon.
             The game lasted 00:14:43 (6706 turns).

CoffeeInMyVeins the Sneak (Octopode Wizard)         Turns: 6706, Time: 00:14:44

Health: -4/41      AC:  1    Str: 12    XL:     7   Next: 10%
Magic:  10/13      EV: 13    Int: 25    God:
Gold:   281        SH:  0    Dex: 13    Spells: 3/14 levels left

rFire    . . .     SeeInvis .   t - +0 dagger (holy)
rCold    . . .     Gourm    .   (no shield)
rNeg     . . .     Faith    .   a - +0 hat
rPois    .         Spirit   .   (no amulet)
rElec    .         Reflect  .   q - +3 ring of dexterity
rCorr    .         Harm     .   u - +2 ring of intelligence
MR       .....                  y - +6 ring of strength
Stlth    ++++......             (no ring)
HPRegen  0.13/turn              (no ring)
MPRegen  0.13/turn              (no ring)
                                (no ring)
                                (no ring)

@: about to teleport
A: almost no armour, stealthy swim, amphibious, 8 rings, constrict 8, camouflage
1, gelatinous body 1
a: no special abilities


You were on level 5 of the Dungeon.
You were hungry.

You visited 1 branch of the dungeon, and saw 5 of its levels.

You collected 281 gold pieces.

Inventory:

Hand Weapons
 l - a +0 dagger
 t - a +0 dagger of holy wrath (weapon)
 x - a -2 dagger
Armour
 a - a +0 hat (worn)
 j - a +0 buckler
Jewellery
 q - a +3 ring of dexterity (left tentacle)
 u - a +2 ring of intelligence (right tentacle)
 y - a +6 ring of strength (on tentacle)
Wands
 p - a wand of polymorph (8)
Scrolls
 d - a scroll of remove curse
 i - 2 scrolls of magic mapping {unknown}
 n - 3 scrolls of teleportation
 o - a scroll of immolation {unknown}
 r - a scroll of enchant armour {unknown}
 s - a scroll of amnesia {unknown}
 w - a scroll of blinking {unknown}
Potions
 e - 2 potions of flight
 f - a potion of cancellation
 h - a potion of haste
 k - a potion of might
 m - 3 potions of mutation
 v - a potion of heal wounds
Comestibles
 c - 3 rations


   Skills:
 - Level 2.0 Dodging
 + Level 5.7 Stealth
 + Level 4.4 Spellcasting
 * Level 5.0 Conjurations
 - Level 1.0 Summonings
 - Level 1.0 Translocations


You had 3 spell levels left.
You knew the following spells:

 Your Spells              Type           Power        Failure   Level  Hunger
a - Magic Dart            Conj           ####         1%          1    None
b - Blink                 Tloc           N/A          9%          2    None
c - Mephitic Cloud        Conj/Pois/Air  ##......     13%         3    ##.....
d - Call Imp              Summ           ##......     9%          2    None
e - Conjure Flame         Conj/Fire      ###.....     10%         3    ##.....

Your spell library contained the following spells:

 Spells                   Type           Power        Failure   Level  Hunger
 Slow                     Hex            #.......     13%         2    None


Dungeon Overview and Level Annotations

Branches:
Dungeon (5/15)
 Temple: D:4-7

Altars:
Qazlal
Yredelemnul

Annotations:
D:2 exclusion: downstairs
D:3 Grinder, Sigmund


Innate Abilities, Weirdness & Mutations

You cannot wear most types of armour.
You are very stealthy in the water. (Stealth+)
You are amphibious.
You can wear up to eight rings at the same time.
You can use your tentacles to constrict eight enemies at once.
Your skin changes colour to match your surroundings (Stealth+).
Your rubbery body absorbs attacks. (AC +1, EV +1)


Message History

r - Retreat! s - Stop attacking. g - Guard the area. f - Follow me.
Anything else - Cancel.
Gang up on whom?
Press: ? - help, Dir - move target cursor, f/p - centaur
Aim: a centaur, wielding a +0 shortbow Attack!
The centaur shoots an arrow.
The arrow hits your iron imp!
The centaur shoots an arrow.
The arrow hits you!
* * * LOW HITPOINT WARNING * * *
As you read the scroll labeled ZOS ULLANUGOFU, it crumbles to dust.
You feel strangely unstable.
It was a scroll of teleportation.
Things that are here:
a potion of degeneration; a scroll of noise The centaur shoots an arrow.
The arrow hits your iron imp.
Your iron imp dies!
Your white imp gestures at the centaur.
The puff of frost hits the centaur.
The centaur shoots an arrow.
The arrow completely misses your white imp.
The arrow hits you!
You die...

##..# .)...# # ..##
#...c###. ...# ##.......
...c. #...c...# ...
#.......# ....# .#.......#
#.#.#
.......c(#####..).######
....[%..>(5.!.@.........##
....#....######..........#
...##....# ########..#
.....(...# #..# .........#
#..# ..####..## #<.# #..#
#########..#.# #..#
#............# #..#
#.#######..###


You could see 2 centaurs and a friendly white imp.

Vanquished Creatures
  A crimson imp (D:5)
  2 hounds
  A jelly (D:2)
  Crazy Yiuf (D:2)
  Natasha (thrice) (D:2)
  2 worker ants
  8 adders
  8 oozes (D:2)
  A worm (D:2)
  4 dart slugs
  2 leopard geckos
  3 orcs
  A giant cockroach (D:2)
  11 goblins
  7 hobgoblins
  10 kobolds
  3 quokkas
  2 ball pythons
  9 bats
  2 frilled lizards (D:3)
  A goblin skeleton (D:4)
  A goblin zombie (D:4)
  A jackal skeleton (D:4)
  A kobold zombie (D:4)
  8 rats
93 creatures vanquished.

Vanquished Creatures (others)
  5 toadstools (D:2)
5 creatures vanquished.

Grand Total: 98 creatures vanquished

Notes
Turn   | Place    | Note
-------+----------+-------------------------------------------
     0 | D:1      | CoffeeInMyVeins the Octopode Wizard began the quest for the
                  | Orb.
     0 | D:1      | Reached XP level 1. HP: 11/11 MP: 4/4
   263 | D:1      | Reached XP level 2. HP: 17/17 MP: 3/6
   574 | D:1      | Learned a level 2 spell: Blink
   577 | D:1      | Learned a level 2 spell: Call Imp
   824 | D:1      | Reached XP level 3. HP: 21/21 MP: 3/7
   866 | D:1      | Learned a level 3 spell: Mephitic Cloud
  1473 | D:2      | Noticed Natasha
  2291 | D:2      | Reached XP level 4. HP: 24/27 MP: 5/9
  2747 | D:2      | Found a runed translucent door.
  2748 | D:2      | Noticed Crazy Yiuf
  3176 | D:2      | Reached XP level 5. HP: 25/31 MP: 5/10
  3863 | D:3      | Noticed Grinder
  4020 | D:3      | Noticed Sigmund
  4350 | D:2      | Killed Natasha
  4449 | D:2      | Killed Crazy Yiuf
  4449 | D:2      | Reached XP level 6. HP: 36/36 MP: 2/11
  4638 | D:3      | Reached skill level 5 in Stealth
  4674 | D:2      | Noticed Natasha
  4682 | D:2      | Killed Natasha
  4721 | D:2      | Noticed Natasha
  4838 | D:2      | Killed Natasha
  5419 | D:4      | Found a runed translucent door.
  5419 | D:4      | Noticed a human
  5423 | D:4      | Found a basalt altar of Yredelemnul.
  5588 | D:4      | Found a stormy altar of Qazlal.
  5589 | D:4      | Noticed an air elemental
  5589 | D:4      | Noticed a water elemental
  5589 | D:4      | Noticed a fire elemental
  5943 | D:4      | Noticed a phantom
  6326 | D:5      | Entered Level 5 of the Dungeon
  6414 | D:5      | Reached XP level 7. HP: 26/41 MP: 4/13
  6571 | D:5      | Reached skill level 5 in Conjurations
  6679 | D:5      | Learned a level 3 spell: Conjure Flame
  6706 | D:5      | Shot with an arrow by a centaur

Skill      XL: |  1  2  3  4  5  6  7 |
---------------+----------------------+-----
Stealth        | 3 4 5 |  5.7
Conjurations   | 2 3 4 5 |  5.0
Spellcasting   | 4 |  4.4
Dodging        | |  2.0
Summonings     | |  1.0
Translocations | |  1.0

Action                   |  1- 3 |  4- 6 |  7- 9 || total
-------------------------+-------+-------+-------++-------
Melee: Unarmed           |    21 |       |       ||    21
       Constrict         |     8 |    16 |       ||    24
       Tentacles         |     5 |    11 |       ||    16
       Dagger            |    16 |    76 |       ||    92
 Cast: Magic Dart        |    58 |   134 |    10 ||   202
       Blink             |     2 |     3 |       ||     5
       Mephitic Cloud    |       |     6 |       ||     6
       Call Imp          |       |       |     2 ||     2
  Use: Scroll            |       |     9 |     2 ||    11
 Stab: Sleeping          |     5 |     4 |       ||     9
       Confused          |       |     2 |       ||     2
  Eat: Chunk             |     2 |     5 |       ||     7
       Ration            |     1 |     2 |       ||     3
Armor: Skin              |     4 |    12 |       ||    16
Dodge: Dodged            |    31 |    71 |     1 ||   103
